[Event "Team 45 45 League T48"]
[Site "Internet Chess Club"]
[Date "2011.02.10"]
[Round "1"]
[White "RosewoodTele"]
[Black "Rookmaster"]
[Result "1-0"]
[WhiteElo "1785"]
[BlackElo "1714"]
[Opening "QGD: Chigorin defense"]
[ECO "D07"]
[Time "22:13:30"]
[TimeControl "2700+45"]

1. d4 d5 2. c4 Nc6 3. Nc3 Nf6 4. cxd5 Nxd5 5. e4 Nb6 6. Be3 e6 7. Nf3 Be7 8. Rc1
O-O 9. Be2 Nd7 10. O-O Nf6 11. Qc2 Bb4 12. Rfd1 Ng4 13. Bg5 f6 14. Bh4 Be7 15.
a3 Nh6 16. d5 exd5 17. Nxd5 Bd6 18. Bg3 Bxg3 19. hxg3 Be6 20. Nb6 Qe7 21. Nxa8
Rxa8 22. Nd4 Nxd4 23. Rxd4 c6 24. Bc4 Bxc4 25. Qxc4+ Kf8 26. Rcd1 Nf7 27. f4 Rd8
28. Rxd8+ Nxd8 29. Qd4 Ne6 30. Qe3 Nc5 31. e5 fxe5 32. Qxe5 Qxe5 33. fxe5 Ke7
34. Kf2 Ke6 35. Rd8 Kxe5 36. b4 Ne4+ 37. Kf3 Ng5+ 38. Ke3 Ne6 39. Rd7 c5 40.
Rxb7 cxb4 41. Rxb4 Kd5 42. Ra4 h5 43. Rxa7 g5 44. Ra5+ Nc5 45. Rxc5+ Kxc5 46.
Ke4 h4 47. gxh4 gxh4 48. Kf4 Kb5 49. Kg4 Ka4 50. Kxh4 Kxa3 51. g4 Kb4 52. g5 Kc5
53. g6 Kd6 54. g7 Ke7 55. g8=Q Kf6 56. Qh7 {Black resigns} 1-0

[Event "Team 45 45 League T48"]
[Site "Internet Chess Club"]
[Date "2011.02.12"]
[Round "1"]
[White "DaveTheRook"]
[Black "musk6868"]
[Result "1-0"]
[WhiteElo "1764"]
[BlackElo "1895"]
[Opening "Dutch: Leningrad, main variation"]
[ECO "A87"]
[Time "15:04:24"]
[TimeControl "2700+45"]

1. d4 f5 2. c4 Nf6 3. g3 g6 4. Bg2 Bg7 5. Nf3 O-O 6. O-O d6 7. Nc3 Qe8 8. Re1
Qf7 9. Qd3 h6 10. b3 Nc6 11. a3 e5 12. dxe5 dxe5 13. e4 f4 14. Bb2 Bg4 15. Qf1
Rad8 16. Nd5 Bxf3 17. Bxf3 Nd4 18. Bxd4 exd4 19. e5 Nxd5 20. Bxd5 Rxd5 21. cxd5
Qf5 22. Qe2 f3 23. Qf1 Bxe5 24. Rad1 h5 25. Qd3 Qh3 26. Qxg6+ Kh8 27. Qh6+ Kg8
28. Qe6+ Qxe6 29. dxe6 Rf5 30. Re4 Kf8 31. Rde1 Bf6 32. a4 Ke7 33. h3 c5 34. h4
d3 35. Rd1 Rd5 36. Kf1 a6 37. Re3 d2 38. Rxf3 b5 39. axb5 axb5 40. Ke2 c4 41.
bxc4 bxc4 42. Rxd2 Rc5 43. Rc2 Kxe6 44. Ra2 Be5 45. Re3 c3 46. Kd1 Kf5 47. Kc2
Kg4 48. Ra4+ Kh3 49. g4+ Kxh4 50. f4 Bg7 51. g5 Kg4 52. Re7 Bf8 53. Re6 h4 54.
Ra8 Bg7 55. Ra7 Bd4 56. Rd7 Bf2 57. g6 Rc8 58. g7 Rg8 59. Rh6 h3 60. Rh8 h2 61.
Rxh2 Bh4 62. Rf7 Kh5 63. Rg2 Kh6 64. f5 Kh5 65. Rf8 Rxf8 66. gxf8=Q Bg5 67. Qh8+
Bh6 68. Rh2+ Kg4 69. Qxh6 Kf3 70. Qh4 Ke3 71. Rh3+ Ke2 72. Qg4+ Kf2 73. Qg3+ Kf1
74. Qf3+ Ke1 75. Rh1# {Black checkmated} 1-0

[Event "Team 45 45 League T48"]
[Site "Internet Chess Club"]
[Date "2011.02.12"]
[Round "1"]
[White "Eiliyah1"]
[Black "badmove"]
[Result "0-1"]
[WhiteElo "1521"]
[BlackElo "1719"]
[Opening "Dutch with c4 & Nc3"]
[ECO "A85"]
[Time "15:00:48"]
[TimeControl "2700+45"]

1. d4 f5 2. c4 Nf6 3. Nc3 d6 4. e3 g6 5. g3 Bg7 6. Bg2 O-O 7. Nge2 Qe8 8. Nf4 c6
9. d5 Na6 10. O-O Nc7 11. Re1 g5 12. dxc6 bxc6 13. Nfd5 Ncxd5 14. Nxd5 Qd7 15.
Nxf6+ Rxf6 16. b4 Rf8 17. Rb1 Bb7 18. Bb2 e5 19. Qh5 Qe7 20. Rbd1 Rad8 21. Qe2
Kh8 22. a4 Qc7 23. e4 f4 24. Qg4 h6 25. h4 Bc8 26. Qh5 g4 27. c5 dxc5 28. gxf4
exf4 29. Bxg7+ Kxg7 30. Qxc5 f3 31. Bf1 g3 32. Qc3+ Kh7 33. Rd2 Qf4 34. Bd3
gxf2+ 35. Kxf2 Qxh4+ 36. Ke3 Qxe1+ 37. Re2 Rxd3+ 38. Qxd3 Qxe2+ 39. Qxe2 fxe2
40. Kxe2 Re8 {White resigns} 0-1

[Event "Team 45 45 League T48"]
[Site "Internet Chess Club"]
[Date "2011.02.14"]
[Round "1"]
[White "LeanSixSigma"]
[Black "malihini"]
[Result "1-0"]
[WhiteElo "1423"]
[BlackElo "1220"]
[Opening "Caro-Kann: advance variation"]
[ECO "B12"]
[Time "14:00:20"]
[TimeControl "2700+45"]

1. e4 c6 2. d4 d5 3. e5 Bf5 4. Bd3 Bxd3 5. Qxd3 e6 6. Nf3 Nd7 7. O-O f6 8. Re1
Bb4 9. c3 Ba5 10. exf6 Ngxf6 11. Rxe6+ Kf7 12. Ng5+ Kg8 13. Rd6 Bc7 14. Ne6 Qe8
15. Nxc7 Qe1+ 16. Qf1 {Black resigns} 1-0

[Event "Team 45 45 League T48"]
[Site "Internet Chess Club"]
[Date "2011.02.13"]
[Round "1"]
[White "dpmdpm"]
[Black "jjaillet2007"]
[Result "0-1"]
[WhiteElo "1480"]
[BlackElo "1342"]
[Opening "French: advance variation"]
[ECO "C02"]
[Time "09:00:35"]
[TimeControl "2700+45"]

1. e4 e6 2. d4 d5 3. e5 c5 4. c3 Nc6 5. f4 cxd4 6. cxd4 Bb4+ 7. Bd2 Qb6 8. Bxb4
Qxb4+ 9. Qd2 Qxd4 10. Qxd4 Nxd4 11. Bd3 Bd7 12. Nc3 a6 13. Nge2 Nxe2 14. Kxe2 d4
15. Ne4 Ke7 16. Nd6 Bc6 17. Kf2 f5 18. Rhd1 Nh6 19. h3 Nf7 20. Nxf7 Kxf7 21. Be2
Rad8 22. Rd2 Rd7 23. g4 g6 24. Rc1 Ra8 25. gxf5 gxf5 26. Bf3 Bxf3 27. Kxf3 b5
28. Rcd1 Rad8 29. b4 Kg6 30. Kg3 Kh5 31. Rd3 Rg7+ 32. Kh2 Rgd7 33. a3 Kh4 34.
Rc1 a5 35. bxa5 Ra8 36. a6 Rxa6 37. Rb1 Rd5 38. Rb4 Ra4 39. Rxa4 bxa4 40. Kg2
Kh5 41. Kg3 Rc5 42. Kg2 Rc3 43. Rxd4 Rxa3 44. Rd6 Ra2+ 45. Kg3 Ra3+ 46. Kg2 Kh4
47. Rxe6 Rg3+ 48. Kf2 h5 49. Ra6 a3 50. e6 Rg6 51. Rxa3 Rxe6 52. Rg3 Re2+ 53.
Kf3 Re3+ 54. Kxe3 Kxg3 55. Ke2 Kxf4 56. Kf2 h4 57. Kg2 Ke3 58. Kf1 Kf3 59. Ke1
Kg3 60. Ke2 f4 61. Kf1 Kxh3 62. Kf2 Kg4 63. Kg2 h3+ 64. Kg1 f3 {White resigns}
0-1

[Event "Team 45 45 League T48"]
[Site "Internet Chess Club"]
[Date "2011.02.11"]
[Round "1"]
[White "anatolybcn"]
[Black "otib2006"]
[Result "0-1"]
[WhiteElo "1211"]
[BlackElo "1346"]
[Opening "Sicilian defense"]
[ECO "B20"]
[Time "16:02:09"]
[TimeControl "2700+45"]

1. e4 c5 2. Bc4 d6 3. Nf3 Nf6 4. d3 e6 5. c3 Be7 6. O-O a6 7. h3 Nc6 8. Re1 b5
9. Bb3 O-O 10. c4 Bb7 11. a4 b4 12. e5 dxe5 13. Nxe5 Nd4 14. Be3 Nd7 15. Ng4 Nf6
16. Nxf6+ Bxf6 17. Nd2 Nf5 18. Bxc5 Re8 19. Nf3 Bxb2 20. Rb1 Bc3 21. Rf1 Nh4 22.
Nxh4 Qxh4 23. f3 a5 24. Qe2 Rac8 25. Bf2 Qf6 26. Bc2 Bd4 27. Bxd4 Qxd4+ 28. Kh1
e5 29. Qf2 Qf4 30. Qb6 Rb8 31. Qxa5 Qd2 32. Rbc1 Ra8 33. Qb5 Ba6 34. Qc5 Qc3 35.
Rfe1 Rac8 36. Qb6 Ra8 37. Bb1 Qd4 38. Qxb4 Rab8 39. Qa3 Qb2 40. Qd6 Bc8 41. Qc6
Bb7 42. Qd6 Bc8 43. Bc2 Rb6 44. Qc5 Rg6 45. f4 f6 46. Qe3 Bb7 47. Rg1 Kf7 48. a5
exf4 49. Qxf4 Bxg2+ 50. Kh2 Re2 51. Qc7+ Ke6 52. Qc8+ Kd6 53. Qd8+ Kc5 54. Qf8+
Kd4 55. Qd6+ Bd5+ 56. Rg2 Rexg2+ 57. Kh1 Qxc1+ 58. Bd1 Qxd1# {White checkmated}
0-1

[Event "Team 45 45 League T48"]
[Site "Internet Chess Club"]
[Date "2011.02.12"]
[Round "1"]
[White "PsyMar"]
[Black "Mclintock45"]
[Result "1-0"]
[WhiteElo "1260"]
[BlackElo "991"]
[Opening "Scandinavian (center counter) defense"]
[ECO "B01"]
[Time "13:00:27"]
[TimeControl "2700+45"]

1. e4 d5 2. exd5 Qxd5 3. Nc3 Qa5 4. d4 Nf6 5. Nf3 Ne4 6. Bd2 Nxd2 7. Qxd2 Bf5 8.
O-O-O Nc6 9. d5 Nb4 10. a3 Na6 11. Bb5+ Bd7 12. Bxd7+ Kxd7 13. Ne5+ Kd6 14.
Nxf7+ Kd7 15. Nxh8 Re8 16. Nf7 Kc8 17. Rhe1 e6 18. dxe6 b6 19. Qd7+ Kb7 20. Qxe8
Bxa3 21. Nd8+ Kb8 22. Nc6+ Kb7 23. Nxa5+ bxa5 24. Qb5+ Kc8 25. Qxa6+ Kb8 26.
Rd8# {Black checkmated} 1-0

[Event "Team 45 45 League T48"]
[Site "Internet Chess Club"]
[Date "2011.02.12"]
[Round "1"]
[White "guyd52"]
[Black "Traho"]
[Result "1-0"]
[WhiteElo "1229"]
[BlackElo "1201"]
[Opening "Réti opening"]
[ECO "A04"]
[Time "16:00:16"]
[TimeControl "2700+45"]

1. Nf3 Nc6 2. g3 e5 3. d3 Bb4+ 4. c3 Ba5 5. Bg2 Nge7 6. O-O Bb6 7. Nbd2 d5 8. e4
dxe4 9. Nxe4 Bg4 10. Re1 f6 11. Be3 O-O 12. Qb3+ Kh8 13. Bxb6 cxb6 14. Rad1 Qd7
15. Rd2 Be6 16. c4 a6 17. Qxb6 Nc8 18. Qb3 Nd4 19. Qb4 Nc6 20. Qxf8+ {Black
resigns} 1-0

[Event "Team 45 45 League T48"]
[Site "Internet Chess Club"]
[Date "2011.02.14"]
[Round "1"]
[White "BosqueVerde"]
[Black "wekabird"]
[Result "1-0"]
[WhiteElo "1269"]
[BlackElo "1093"]
[Opening "QGD: semi-Slav"]
[ECO "D10"]
[Time "21:01:31"]
[TimeControl "2700+45"]

1. d4 d5 2. c4 c6 3. Nc3 e6 4. a3 Nf6 5. Qc2 g6 6. Bg5 Be7 7. Nf3 Nbd7 8. cxd5
cxd5 9. Bxf6 Nxf6 10. Rc1 O-O 11. e4 dxe4 12. Nxe4 Nd5 13. Bd3 Bd7 14. O-O a6
15. Nc5 Bxc5 16. dxc5 Bb5 17. Bxb5 axb5 18. Rfd1 Rc8 19. b4 Qe8 20. Nd4 Nb6 21.
Qe2 Nc4 22. Qf3 Ne5 23. Qxb7 Rb8 24. Qe4 Nc4 25. Nxb5 Nb2 26. Nd6 Qa4 27. Rd4
Qxa3 28. h3 Na4 29. Rdc4 Nb2 30. R1c3 Qa4 31. Rd4 Qa1+ 32. Kh2 Nd1 33. Rf3 Nc3
34. Qe5 Qa3 35. Ne4 Nd5 36. Rxa3 Rxb4 37. Rxb4 Nxb4 38. Nf6+ Kg7 39. Ng4+ f6 40.
Ra7+ Rf7 41. Rxf7+ Kxf7 42. Qc7+ {Black resigns} 1-0

[Event "Team 45 45 League T48"]
[Site "Internet Chess Club"]
[Date "2011.02.14"]
[Round "1"]
[White "Conjurer"]
[Black "jocooper"]
[Result "0-1"]
[WhiteElo "1139"]
[BlackElo "1140"]
[Opening "English opening"]
[ECO "E62"]
[Time "22:10:56"]
[TimeControl "2700+45"]

1. c4 Nf6 2. Nc3 g6 3. g3 Bg7 4. Bg2 O-O 5. Nf3 d6 6. d4 Bg4 7. O-O Nbd7 8. Bf4
c6 9. e4 Bxf3 10. Bxf3 e5 11. Be3 Qc7 12. Qc2 exd4 13. Bxd4 Ne5 14. Be2 a6 15.
f4 Neg4 16. Rad1 Rae8 17. Bf3 c5 18. Bf2 b5 19. Nd5 Nxd5 20. cxd5 Nxf2 21. Rxf2
Bd4 22. Rxd4 Qb6 23. Rd1 c4 24. Kg2 Rc8 25. b4 cxb3 26. Qxb3 a5 27. a4 b4 28.
Rc2 Rfe8 29. Rxc8 Rxc8 30. Bg4 Rc3 31. Qb2 h5 32. Be2 Qe3 33. e5 Qe4+ 34. Kf1
Qh1+ 35. Kf2 Qxh2+ 36. Ke1 Qxg3+ 37. Kf1 Qxf4+ 38. Kg2 Rg3+ 39. Kh1 Qh4# {White
checkmated} 0-1

[Event "Team 45 45 League T48"]
[Site "Internet Chess Club"]
[Date "2011.02.13"]
[Round "1"]
[White "WannaB"]
[Black "WilmaP"]
[Result "1-0"]
[WhiteElo "960"]
[BlackElo "1070"]
[Opening "French: advance, Nimzovich system"]
[ECO "C02"]
[Time "15:01:47"]
[TimeControl "2700+45"]

1. e4 e6 2. d4 d5 3. e5 c5 4. Nf3 Nc6 5. dxc5 Bxc5 6. Bb5 Bd7 7. O-O Nxe5 8.
Bxd7+ Nxd7 9. a3 Ngf6 10. b4 Bb6 11. Be3 Bxe3 12. fxe3 O-O 13. Nc3 Qb6 14. Qd3
Ng4 15. Ng5 Qxe3+ 16. Qxe3 Nxe3 17. Rfc1 Rac8 18. Nb5 Rxc2 19. Rxc2 Nxc2 20. Ra2
Ne3 21. Nxa7 h6 22. Nf3 Nb8 23. Nb5 Rc8 24. h3 f6 25. Kf2 Nd1+ 26. Kg3 e5 27.
Nd6 Rc7 28. Nb5 Re7 29. Nh4 Re6 30. Nc7 Rc6 31. Nxd5 Nc3 32. Ne7+ Kf7 33. Nxc6
Nxc6 34. Ra1 Ne2+ 35. Kf3 Ncd4+ 36. Ke3 g5 37. Nf3 Nf4 38. Nxd4 exd4+ 39. Kxd4
Nxg2 40. Rc1 Nf4 41. Rc7+ Ke6 42. Rxb7 Nxh3 43. Rb6+ Kf5 44. a4 g4 45. Rc6 g3
46. Rc2 Nf2 47. a5 Kf4 48. a6 Kf3 49. a7 Ne4 50. a8=Q f5 51. b5 g2 52. Rc1 h5
53. Ke5 h4 54. Kxf5 h3 55. Qxe4+ Kg3 56. Qe3+ Kh2 57. Qf4# {Black checkmated}
1-0

[Event "Team 45 45 League T48"]
[Site "Internet Chess Club"]
[Date "2011.02.10"]
[Round "1"]
[White "TerryMalloy"]
[Black "Chatica"]
[Result "0-1"]
[WhiteElo "1829"]
[BlackElo "2092"]
[Opening "Pirc: Byrne variation"]
[ECO "B07"]
[Time "17:23:36"]
[TimeControl "2700+45"]

1. d4 d6 2. e4 Nf6 3. Nc3 g6 4. Bg5 Bg7 5. Qd2 h6 6. Bh4 g5 7. Bg3 Nh5 8. O-O-O
Nd7 9. e5 Nb6 10. Be2 Nxg3 11. hxg3 dxe5 12. Nf3 exd4 13. Nxd4 Bxd4 14. Qxd4
Qxd4 15. Rxd4 Bd7 16. Bf3 O-O-O 17. Ne4 g4 18. Be2 e5 19. Rdd1 f5 20. Nc5 h5 21.
f3 gxf3 22. Bxf3 c6 23. Rxh5 e4 24. Be2 Rxh5 25. Bxh5 Rh8 26. Nxd7 Rxh5 27. g4
fxg4 28. Nf6 Re5 29. Re1 e3 30. Nxg4 Re4 31. Nxe3 Nc4 32. Nxc4 Rxe1+ 33. Kd2 Rg1
34. Ne3 Kd7 35. a4 Ke6 36. b3 Ke5 37. Ke2 Kd4 38. Kd2 b5 39. axb5 cxb5 40. b4
Ra1 41. Ke2 Kc3 42. g4 Kxb4 43. Kd3 Kc5 44. Ke4 a5 45. g5 a4 46. c3 Rc1 47. g6
a3 {White resigns} 0-1

[Event "Team 45 45 League T48"]
[Site "Internet Chess Club"]
[Date "2011.02.12"]
[Round "1"]
[White "Gregorio"]
[Black "kasperloff"]
[Result "1-0"]
[WhiteElo "2039"]
[BlackElo "1976"]
[Opening "English: symmetrical variation"]
[ECO "A16"]
[Time "10:00:46"]
[TimeControl "2700+45"]

1. c4 Nf6 2. Nc3 c5 3. g3 g6 4. Bg2 Bg7 5. Nf3 d6 6. d4 cxd4 7. Nxd4 O-O 8. O-O
Nc6 9. Nxc6 bxc6 10. Bxc6 Rb8 11. b3 Bh3 12. Bg2 Bxg2 13. Kxg2 Ne4 14. Nxe4 Bxa1
15. Bh6 Bg7 16. Bxg7 Kxg7 17. Qd4+ Kg8 18. h4 Qb6 19. Qd2 h5 20. g4 Qc6 21. f3
Kh7 22. Ng5+ Kg8 23. gxh5 f6 24. Ne6 gxh5 25. Qh6 Kf7 26. Nxf8 Rxf8 27. Qxh5+
Ke6 28. Kf2 Qb6+ 29. e3 Qa6 30. Qd5+ Kd7 31. Qb5+ Qxb5 32. cxb5 Rh8 33. Rh1 Rh5
34. a4 Kc7 35. Kg3 f5 36. Rc1+ Kd7 37. Rc6 {Black resigns} 1-0

[Event "Team 45 45 League T48"]
[Site "Internet Chess Club"]
[Date "2011.02.14"]
[Round "1"]
[White "eSeM"]
[Black "DARKwizard1"]
[Result "1/2-1/2"]
[WhiteElo "1919"]
[BlackElo "1962"]
[Opening "KP: Nimzovich defense"]
[ECO "B00"]
[Time "19:00:28"]
[TimeControl "2700+45"]

1. e4 Nc6 2. Nf3 d6 3. d4 g6 4. d5 Ne5 5. Nxe5 dxe5 6. Bb5+ Bd7 7. Bxd7+ Qxd7 8.
Nc3 Bg7 9. Be3 Nf6 10. Qe2 a6 11. O-O O-O 12. f3 h6 13. Qc4 Rfd8 14. Rad1 Rac8
15. Qb4 b6 16. Qc4 a5 17. Nb5 Ne8 18. Na7 Nd6 19. Qb3 Ra8 20. Nc6 Re8 21. a4 Kh7
22. Rfe1 f5 23. exf5 Nxf5 24. Bf2 Qd6 25. c4 e6 26. Qb5 exd5 27. Rxd5 {Game
drawn by mutual agreement} 1/2-1/2

[Event "Team 45 45 League T48"]
[Site "Internet Chess Club"]
[Date "2011.02.11"]
[Round "1"]
[White "cacheboy"]
[Black "SlimeDog2"]
[Result "1-0"]
[WhiteElo "2286"]
[BlackElo "2066"]
[Opening "Petrov: Nimzovich attack"]
[ECO "C42"]
[Time "23:06:43"]
[TimeControl "2700+45"]

1. e4 e5 2. Nf3 Nf6 3. Nxe5 d6 4. Nf3 Nxe4 5. Nc3 Nxc3 6. dxc3 Be7 7. Be3 Nc6 8.
Qd2 Be6 9. O-O-O Qd7 10. Kb1 O-O-O 11. Nd4 a6 12. Nxe6 Qxe6 13. Be2 Bf6 14. h3
Kb8 15. Bf3 Rhe8 16. Rhe1 Qf5 17. c4 Qa5 18. Qxa5 Nxa5 19. Bd5 Re7 20. Bd2 Nc6
21. Rxe7 Bxe7 22. Bxf7 Rf8 23. Bd5 Rxf2 24. Bf3 Ne5 25. Be3 Rxf3 26. gxf3 Nxf3
27. c3 Kc8 28. Rf1 Ne5 29. Bd4 Bf6 30. Bxe5 dxe5 31. Kc2 Kd7 32. Kd3 Ke6 33. Ke4
Be7 34. b4 b6 35. a4 c5 36. Rb1 Kd6 37. a5 bxa5 38. bxa5 Bd8 39. Rb7 Bc7 40. Ra7
{Black resigns} 1-0

[Event "Team 45 45 League T48"]
[Site "Internet Chess Club"]
[Date "2011.02.12"]
[Round "1"]
[White "chsrules88"]
[Black "Mat55"]
[Result "1/2-1/2"]
[WhiteElo "2020"]
[BlackElo "1913"]
[Opening "Vienna game"]
[ECO "C28"]
[Time "13:15:33"]
[TimeControl "2700+45"]

1. e4 e5 2. Nc3 Nc6 3. Bc4 Nf6 4. d3 Na5 5. Bb3 Nxb3 6. axb3 d5 7. Bg5 Bb4 8.
Bxf6 Qxf6 9. exd5 c6 10. Qf3 Bd7 11. Qxf6 gxf6 12. dxc6 Bxc6 13. f3 Rg8 14. Kf1
f5 15. Re1 f6 16. d4 O-O-O 17. dxe5 fxe5 18. Rxe5 Rd2 19. Re2 Rgd8 20. Nh3 Rd1+
21. Re1 Bb5+ 22. Kf2 R8d2+ 23. Kg3 Rxe1 24. Rxe1 Rxc2 25. Ng5 Rxb2 26. Rc1 Bd6+
27. Kh3 Bf4 28. Rd1 Bxg5 29. Nxb5 Rxb3 30. Nd6+ Kc7 31. Nxf5 h6 32. Nd4 Rb6 33.
Kg4 Be3 34. f4 Bxd4 35. Rxd4 a5 36. Kf3 Kc6 37. f5 Rb1 38. Ke2 Rb2+ 39. Rd2
Rxd2+ 40. Kxd2 b5 41. g4 Kd6 42. Kc3 Ke5 43. Kb3 h5 44. g5 Kxf5 45. h4 Ke5 46.
Ka3 Kf5 47. Kb3 Ke5 48. Ka3 Kd5 49. Kb2 Ke5 50. Ka2 b4 51. Kb3 Kf5 52. Kb2 a4
53. Ka2 Ke5 54. Kb2 Kf5 55. Ka2 Kg6 56. Ka1 Kg7 57. Kb1 Kh8 58. Ka1 b3 59. Kb2
Kg7 60. Ka3 Kg6 61. Kb2 Kf5 62. Ka3 Ke5 63. Kb2 Kd5 64. Ka3 Kd6 65. Kb2 Ke6 66.
Ka3 Kf5 67. Kb2 Kg6 68. Ka3 Kg7 69. Kb2 Kg8 70. Kc3 Kf8 71. Kb2 Ke8 72. Kb1 a3
73. Ka1 Kf7 74. Kb1 Kg6 75. Ka1 Kf5 76. Kb1 Ke5 77. Ka1 Kd5 78. Kb1 Kc4 79. g6
Kc3 80. g7 a2+ 81. Ka1 Kc2 82. g8=Q b2+ 83. Kxa2 b1=Q+ 84. Ka3 Qc1+ 85. Kb4 Qf4+
86. Qc4+ Qxc4+ 87. Kxc4 Kb2 88. Kd4 Kb3 89. Ke5 Kc4 90. Kf5 Kd5 91. Kg5 Ke6 92.
Kxh5 Kf7 93. Kh6 Kg8 94. Kg6 Kh8 95. h5 Kg8 96. h6 Kh8 97. Kh5 Kh7 98. Kg5 Kg8
99. Kg6 Kh8 100. Kh5 Kg8 101. Kg5 Kf8 102. Kf5 Kf7 103. Kg5 Kg8 104. Kf6 Kh7
105. Kg5 Kh8 106. Kh5 Kh7 107. Kg5 Kg8 108. Kh5 Kf8 109. Kg6 Kg8 110. h7+ Kh8
111. Kf5 Kg7 112. Ke4 Kh8 113. Kd4 Kg7 114. Kd3 Kh8 115. Kc2 Kg7 116. Kb1 Kh8
117. Ka1 Kg7 118. Ka2 Kh8 119. Kb2 Kg7 120. Kb1 Kh8 121. Ka2 Kg7 122. Kb1 Kh8
123. Ka2 Kg7 124. Kb2 Kh8 125. Kb1 Kg7 126. Ka2 Kh8 127. Kb2 Kg7 128. Kb1 Kh8
129. Ka2 Kg7 130. Kb2 Kh8 131. Ka3 Kg7 132. Kb4 Kh8 133. Ka5 Kg7 134. Kb6 Kh8
135. Ka7 Kg7 136. Ka8 Kh8 137. Kb7 Kg7 138. Kc6 Kh8 139. Kd5 Kg7 140. Ke4 Kh8
141. Ke3 Kg7 142. Kf2 Kh8 143. Kg2 Kg7 144. Kh1 Kh8 145. Kg1 Kg7 146. Kf1 Kh8
147. Ke1 Kg7 148. Kd1 Kh8 149. Kc2 Kg7 150. Kb1 Kh8 151. Ka2 Kg7 152. Ka3 Kh8
153. Ka4 Kg7 154. Ka5 Kh8 155. Kb6 Kg7 156. Kb7 Kh8 157. Ka8 Kg7 158. Ka7 Kh8
159. Ka6 Kg7 160. Kb5 Kh8 161. Kc4 Kg7 162. Kd3 Kh8 163. Ke2 Kg7 164. Kf2 Kh8
165. Kg3 Kg7 166. Kh4 Kh8 167. Kg5 Kg7 168. Kf5 Kh8 169. Ke6 Kg7 170. Kd6 Kh8
171. Kc5 Kg7 172. Kc4 Kh8 173. Kd3 Kg7 174. h8=R Kxh8 {Game drawn because
neither player has mating material} 1/2-1/2

[Event "Team 45 45 League T48"]
[Site "Internet Chess Club"]
[Date "2011.02.13"]
[Round "1"]
[White "alexping"]
[Black "LobowolfXXX"]
[Result "0-1"]
[WhiteElo "1984"]
[BlackElo "1955"]
[Opening "QGD semi-Slav: Meran variation"]
[ECO "D47"]
[Time "11:08:39"]
[TimeControl "2700+45"]

1. d4 d5 2. c4 e6 3. Nc3 c6 4. Nf3 Nf6 5. e3 Nbd7 6. Be2 dxc4 7. Bxc4 b5 8. Be2
Bd6 9. O-O O-O 10. Nd2 b4 11. Nce4 Nxe4 12. Nxe4 Be7 13. Qc2 Qb6 14. b3 c5 15.
Bb2 Bb7 16. Bf3 Rac8 17. Rad1 cxd4 18. Qb1 Ne5 19. Bxd4 Nxf3+ 20. gxf3 Qa5 21.
f4 Qh5 22. f3 Bh4 23. Rd2 Ba6 24. Rg2 f6 25. Rff2 Bxf2+ 26. Kxf2 Qh4+ 27. Kg1
Bd3 28. Qd1 Bxe4 29. fxe4 Rc7 30. Rg4 Qh6 31. Rg2 Rfc8 32. Bb2 Re8 33. Qd6 Rcc8
34. Qxb4 Rcd8 35. Bd4 e5 36. Qc4+ Kh8 37. fxe5 fxe5 38. Bxa7 Rd1+ 39. Kf2 Rf8+
40. Kg3 Qg5+ 41. Kh3 Qh5+ {White resigns} 0-1

[Event "Team 45 45 League T48"]
[Site "Internet Chess Club"]
[Date "2011.02.18"]
[Round "1"]
[White "zap2"]
[Black "MontanaSky"]
[Result "1-0"]
[WhiteElo "1835"]
[BlackElo "1792"]
[Opening "Réti opening"]
[ECO "A04"]
[Time "13:03:45"]
[TimeControl "2700+45"]

1. Nf3 c5 2. g3 Nc6 3. Bg2 g6 4. O-O Bg7 5. d3 e6 6. Nbd2 Nge7 7. e4 O-O 8. a4
d6 9. c3 Qc7 10. Nh4 Rb8 11. f4 b5 12. axb5 Rxb5 13. Nc4 Bd7 14. Ne3 f5 15. exf5
Nxf5 16. Nhxf5 gxf5 17. Re1 Ra5 18. Bd2 Rxa1 19. Qxa1 d5 20. Qa2 Qa5 21. Ra1
Qxa2 22. Rxa2 Rb8 23. Bc1 Rb3 24. Nxd5 Kh8 25. Ne3 Rb7 26. Nc4 Rc7 27. Be3 Bf8
28. Ne5 Nxe5 29. fxe5 Kg8 30. d4 cxd4 31. Bxd4 Kf7 32. Rxa7 Rxa7 33. Bxa7 Bb5
34. Kf2 Bh6 35. Be3 Bg7 36. Bf4 Bf8 37. Bb7 Bc5+ 38. Be3 Bf8 39. Bb6 Bg7 40. Bc7
Bh6 41. b3 Bd3 42. c4 Bd2 43. Bd6 h6 44. Bf3 Bc2 45. Bh5+ Kg7 46. Ke2 Bc3 47. b4
Bd4 48. c5 Ba4 49. Bf3 Bb5+ 50. Kd2 Bg1 51. c6 Ba6 52. Be2 Bc8 53. h3 Bb6 54.
Bh5 Bf2 55. b5 Bb6 56. Be8 Ba5+ 57. Kd3 Bb6 58. Kc4 Bf2 59. g4 f4 60. Kd3 Be3
61. Ke4 h5 62. Bxh5 Kh6 63. Be8 Kg5 64. Be7+ Kh6 65. Bd7 {Black resigns} 1-0

[Event "Team 45 45 League T48"]
[Site "Internet Chess Club"]
[Date "2011.02.15"]
[Round "1"]
[White "taldeital"]
[Black "BrerRabbit"]
[Result "1-0"]
[WhiteElo "1541"]
[BlackElo "1569"]
[Opening "Queen's pawn: London system"]
[ECO "A45"]
[Time "14:02:16"]
[TimeControl "2700+45"]

1. d4 Nf6 2. Bf4 g6 3. h3 Bg7 4. c3 d6 5. Nd2 O-O 6. Ngf3 c5 7. e3 Be6 8. Ng5
Bd7 9. dxc5 dxc5 10. Nge4 b6 11. Nxf6+ Bxf6 12. h4 Bc6 13. Qc2 Nd7 14. h5 g5 15.
Bg3 h6 16. O-O-O Qc8 17. f4 Qb7 18. fxg5 Bxg5 19. Bf4 Bxf4 20. exf4 Kh8 21. Rg1
Rg8 22. g4 b5 23. g5 c4 24. Qf5 Rg7 25. Be2 Rag8 26. g6 f6 27. Qg4 Nc5 28. f5
Rd8 29. Qf4 Nd3+ 30. Bxd3 Rxd3 31. Qxh6+ Kg8 32. Qf4 Kh8 33. h6 Rg8 34. Ne4 Bxe4
35. g7+ Kh7 36. Qg4 Rxd1+ 37. Rxd1 Rb8 38. Qg6+ Kg8 39. h7# {Black checkmated}
1-0

[Event "Team 45 45 League T48"]
[Site "Internet Chess Club"]
[Date "2011.02.11"]
[Round "1"]
[White "Bible-Believer"]
[Black "TheEvilOverlord"]
[Result "1-0"]
[WhiteElo "1512"]
[BlackElo "1235"]
[Opening "Queen's pawn, Mason variation"]
[ECO "D00"]
[Time "14:00:04"]
[TimeControl "2700+45"]

1. d4 d5 2. Bf4 Nf6 3. e3 e6 4. Nf3 Bd6 5. Ne5 Qe7 6. Nd2 Nh5 7. Qxh5 g6 8. Qh6
Qf8 9. Qxf8+ Rxf8 10. Ndf3 Nd7 11. Bg3 Nxe5 12. Nxe5 c5 13. Nxg6 hxg6 14. Bxd6
Rh8 15. Bb5+ Bd7 16. Bxd7+ Kxd7 17. dxc5 Rac8 18. Be5 Rh5 19. Bd6 e5 20. O-O-O
Ke6 21. Rd2 b6 22. b4 a5 23. a3 axb4 24. axb4 Ra8 25. Kb2 {Black resigns} 1-0

[Event "Team 45 45 League T48"]
[Site "Internet Chess Club"]
[Date "2011.02.12"]
[Round "1"]
[White "dabodhi"]
[Black "chesskix"]
[Result "0-1"]
[WhiteElo "1237"]
[BlackElo "1437"]
[Opening "King's Indian: East Indian defense"]
[ECO "A48"]
[Time "12:30:48"]
[TimeControl "2700+45"]

1. d4 Nf6 2. Nf3 g6 3. c3 Bg7 4. Bg5 O-O 5. Nbd2 d5 6. e3 Nbd7 7. Be2 c6 8. O-O
Nb6 9. b4 Be6 10. a4 Nc4 11. Nxc4 dxc4 12. Qc2 Bd5 13. Nd2 b5 14. Bf4 Nd7 15.
Bf3 a6 16. e4 Be6 17. e5 Bf5 18. Qc1 Rc8 19. Be4 e6 20. Re1 Nb6 21. Nf3 Nd5 22.
Bxd5 cxd5 23. Bg5 f6 24. Bh6 Be4 25. Bxg7 Kxg7 26. Re3 Bd3 27. exf6+ Qxf6 28.
axb5 axb5 29. Ra7+ Rf7 30. Ra6 Re8 31. Qe1 Be4 32. Ne5 Rb7 33. Rg3 Rf8 34. f3
Bf5 35. Rd6 Qe7 36. Qe2 Qxd6 37. h4 Ra7 38. h5 Ra1+ 39. Kh2 Rfa8 40. hxg6 hxg6
41. Qe3 Rh8+ 42. Qh6+ Rxh6+ {White resigns} 0-1

[Event "Team 45 45 League T48"]
[Site "Internet Chess Club"]
[Date "2011.02.15"]
[Round "1"]
[White "dscvdchk"]
[Black "BaumDeezy"]
[Result "0-1"]
[WhiteElo "1499"]
[BlackElo "1482"]
[Opening "King's Indian: orthodox, Aronin-Taimanov, bayonet attack"]
[ECO "E97"]
[Time "15:01:13"]
[TimeControl "2700+45"]

1. d4 Nf6 2. c4 g6 3. Nf3 Bg7 4. Nc3 O-O 5. e4 d6 6. Be2 e5 7. O-O Nc6 8. d5 Ne7
9. b4 a5 10. Ba3 Nd7 11. bxa5 Rxa5 12. Bb4 Ra8 13. a4 f5 14. Nd2 f4 15. f3 g5
16. Kh1 h5 17. Qe1 Rf7 18. Nb5 Nf6 19. Qf2 Ng6 20. c5 Bf8 21. Nc4 Ne8 22. cxd6
cxd6 23. Nb6 Rb8 24. a5 Nc7 25. Na7 Bd7 26. Rac1 Na8 27. Nc4 Rf6 28. Rc2 Nc7 29.
Nb6 Na8 30. Nxd7 Qxd7 31. Bb5 Qd8 32. Rfc1 Qe7 33. Ba4 Qg7 34. Be1 Rf7 35. Nb5
b6 36. a6 Qf6 37. Rc6 Qd8 38. Qc2 Qd7 39. Bf2 Qd8 40. Bg1 Qd7 41. Rc4 Qd8 42.
Rc6 Qd7 43. Rc8 Rxc8 {White forfeits on time} 0-1